 Dungeon Crawl Stone Soup version 0.23.2-33-g5129a83184 (webtiles) character file.

Game seed: 5822397456126017262

287 Kold the Conjurer (level 6, 0/45 HPs)
             Began as a Draconian Conjurer on July 3, 2019.
             Was an Initiate of Vehumet.
             Slain by Prince Ribbit (13 damage)
             ... on level 5 of the Dungeon.
             The game lasted 00:07:42 (3615 turns).

Kold the Conjurer (Draconian Conjurer)              Turns: 3615, Time: 00:07:43

Health: 0/45       AC:  6    Str: 10    XL:     6   Next: 8%
Magic:  2/11       EV: 12    Int: 17    God:    Vehumet [......]
Gold:   185        SH:  0    Dex: 12    Spells: 11/12 levels left

rFire    . . .     SeeInvis .   a - +0 whip
rCold    . . .     Gourm    .   (no shield)
rNeg     . . .     Faith    .   (armour unavailable)
rPois    .         Spirit   .   (helmet restricted)
rElec    .         Reflect  .   (no cloak)
rCorr    .         Harm     .   (no gloves)
MR       .....                  (no boots)
Stlth    ++........             (no amulet)
HPRegen  0.15/turn              (no ring)
MPRegen  0.12/turn              (no ring)

@: lethally poisoned (0 -> -12), very slightly contaminated
A: unfitting armour, cold-blooded, AC +6
a: Renounce Religion


You were on level 5 of the Dungeon.
You worshipped Vehumet.
Vehumet was noncommittal.
You were hungry.

You visited 2 branches of the dungeon, and saw 6 of its levels.

You collected 185 gold pieces.

Inventory:

Hand Weapons
 a - a +0 whip (weapon)
Wands
 l - a wand of digging (2)
Scrolls
 d - 2 scrolls of enchant weapon {unknown}
 h - 2 scrolls of remove curse {unknown}
 i - 3 scrolls of teleportation {unknown}
 j - 6 scrolls of identify {unknown}
Potions
 c - 4 potions of curing {unknown}
 e - 2 potions of brilliance {unknown}
 f - a potion of flight {unknown}
 g - a potion of lignification {unknown}
 m - a potion of haste {unknown}
 n - a potion of degeneration {unknown}
 o - a potion of mutation {unknown}
 p - a potion of invisibility {unknown}
Comestibles
 b - 9 rations


   Skills:
 - Level 0.1 Fighting
 - Level 1.0 Maces & Flails
 - Level 2.0 Dodging
 - Level 2.0 Stealth
 + Level 3.7 Spellcasting
 + Level 6.1 Conjurations


You had 11 spell levels left.
You knew the following spells:

 Your Spells              Type           Power        Failure   Level  Hunger
a - Magic Dart            Conj           ###.         1%          1    None

Your spell library contained the following spells:

 Spells                   Type           Power        Failure   Level  Hunger
 Searing Ray              Conj           ###...       1%          2    ##.....
 Iskenderun's Mystic Bla  Conj           ###.....     13%         4    ####...
 Dazzling Spray           Conj/Hex       ##....       14%         3    ###....
 Force Lance              Conj/Tloc      ##......     41%         4    ####...
 Fulminant Prism          Conj/Hex       ##........   41%         4    ####...


Dungeon Overview and Level Annotations

Branches:
Dungeon (5/15)             Temple (1/1) D:4

Altars:
Ashenzari
Cheibriados
Dithmenos
Elyvilon
Fedhas
Hepliaklqana
Kikubaaqudgha
Makhleb
Uskayaw
Vehumet
Yredelemnul
Lugonu

Annotations:
D:3 Sigmund
D:5 Prince Ribbit


Innate Abilities, Weirdness & Mutations

Your plain brown scales are hard. (AC +6)
You cannot fit into any form of body armour.
You are cold-blooded and may be slowed by cold attacks.


Message History

You kill the worker ant!
Vehumet accepts your kill.
You have reached level 6!
Your experience leads to an increase in your attributes!
Increase (S)trength, (I)ntelligence, or (D)exterity?
You feel clever.
Your scales feel tougher.
You feel sick.
You feel sick.
Found a stone staircase leading down.
You see here a worker ant corpse.
You feel sick.
A giant cockroach and Prince Ribbit come into view.
You feel sick.
Found a leather armour.
You feel sick.
Prince Ribbit asks, "Just a little smooch?"
Prince Ribbit completely misses you.
* * * LOW HITPOINT WARNING * * *
You feel sick. Prince Ribbit hits you!
You die...

##.#.... ### ##<..## #
..# ##.### #. #.#####
####.... ##.###
#.....###....##.
.....##.###..##.##....
....$!..†..........##
#.##.#...####.####..#
#....@...##.....##..#
#.####F#.#.......#.##
#.#.#.......#.#
>.#....._......
####.#.......#..
...#.......#..#
...##...).## .# .# ##s


You could see Prince Ribbit.

Vanquished Creatures
  2 hounds (D:4)
  Jessica (D:2)
  2 iguanas (D:4)
  2 worker ants
  2 adders
  An ooze (D:1)
  4 worms
  A dart slug (D:2)
  2 leopard geckos
  2 orcs
  3 bats
  3 giant cockroaches
  7 goblins
  8 hobgoblins
  4 jackals
  2 quokkas
  A ball python (D:1)
  9 frilled lizards
  7 kobolds
  A leopard gecko skeleton (D:4)
  6 rats
70 creatures vanquished.

Notes
Turn   | Place    | Note
-------+----------+-------------------------------------------
     0 | D:1      | Kold the Draconian Conjurer began the quest for the Orb.
     0 | D:1      | Reached XP level 1. HP: 14/14 MP: 3/3
   237 | D:2      | Reached XP level 2. HP: 15/20 MP: 0/5
   636 | D:1      | Reached XP level 3. HP: 11/26 MP: 0/6
   935 | D:2      | Noticed Jessica
   941 | D:2      | Killed Jessica
   941 | D:2      | Reached skill level 1 in Maces & Flails
   941 | D:2      | Reached skill level 5 in Conjurations
  1130 | D:2      | Reached XP level 4. HP: 33/33 MP: 0/7
  1707 | D:2      | Noticed an orc warrior
  2314 | D:3      | Noticed Sigmund
  2331 | D:4      | Reached XP level 5. HP: 29/38 MP: 0/9
  2551 | D:4      | Found a burning altar of Makhleb.
  2819 | D:4      | Found a staircase to the Ecumenical Temple.
  2844 | Temple   | Entered the Ecumenical Temple
  2873 | Temple   | Became a worshipper of Vehumet
  3093 | D:4      | Reached skill level 6 in Conjurations
  3307 | D:4      | Found a hazy altar of Hepliaklqana.
  3312 | D:4      | Found a snail-covered altar of Cheibriados.
  3452 | D:5      | Entered Level 5 of the Dungeon
  3552 | D:5      | Found a shadowy altar of Dithmenos.
  3610 | D:5      | Reached XP level 6. HP: 21/45 MP: 1/11
  3613 | D:5      | Noticed Prince Ribbit
  3615 | D:5      | Slain by Prince Ribbit

Skill      XL: |  1  2  3  4  5 |
---------------+----------------+-----
Maces & Flails | 1 |  1.0
Conjurations   | 5 6 |  6.1
Dodging        | 2 |  2.0
Stealth        | 2 |  2.0
Spellcasting   | 3 |  3.7
Fighting       | |  0.1

Action                   |  1- 3 |  4- 6 || total
-------------------------+-------+-------++-------
Melee: Whip              |    29 |    46 ||    75
       Tailslap          |     3 |       ||     3
 Cast: Magic Dart        |    57 |   114 ||   171
  Eat: Chunk             |     2 |     7 ||     9
Armor: Skin              |     9 |    22 ||    31
Dodge: Dodged            |    33 |    50 ||    83
